 Dungeon Crawl Stone Soup version 0.17.1-3-g152610e (webtiles) character file.

8922 Heliophagus the Digger (level 11, -4/94 HPs)
             Began as a Gargoyle Fire Elementalist on Apr 8, 2016.
             Slain by Snorg (5 damage)
             ... on level 10 of the Dungeon.
             The game lasted 02:25:26 (12715 turns).

Heliophagus the Digger (GrFE)                      Turns: 12715, Time: 02:25:27

Health: -4/94      AC: 30    Str: 12    XL:     11   Next: 38%
Magic:  18/20      EV:  2    Int: 19    God:
Gold:   225        SH:  0    Dex: 10    Spells: 5 memorised, 8 levels left

rFire  . . .     SeeInvis +     i - +2 mace (protect)
rCold  . . .     Clarity  +     (armour currently unavailable)
rNeg   + + +     SustAt   .     (no shield)
rPois  ∞         Gourm    .     (helmet currently unavailable)
rElec  .         Spirit   .     (cloak currently unavailable)
rCorr  .         Warding  .     (gloves currently unavailable)
rMut   .         NoTele   +     (boots currently unavailable)
MR     +....                    B - amulet of clarity
Stlth  ++++......               P - ring of protection from magic
                                l - +3 ring of evasion

@: tree-form, somewhat resistant to hostile enchantments, stealthy
A: see invisible, negative energy resistance 1, (electricity resistance),
(unbreathing), petrification resistance, rot immunity, AC +7
a: no special abilities


You were on level 10 of the Dungeon.
You were hungry.
You were a tree.
You visited 2 branches of the dungeon, and saw 11 of its levels.

You collected 645 gold pieces.
You spent 420 gold pieces at shops.

Inventory:

Hand Weapons
 i - a +2 mace of protection (weapon)
 r - a +4 quarterstaff of chaos
 E - a +0 morningstar
 X - the +11 battleaxe "Liymixt" {drain, Dex+2 Stlth+, unknown}
   (You found it on level 10 of the Dungeon)

   A truly terrible weapon, it drains the life of those it strikes.
   It affects your dexterity (+2).
   It makes you more stealthy.
Armour
 g - a +1 cloak of invisibility (melded)
 o - a +0 ring mail (melded)
 v - a +1 pair of boots (melded)
 U - a +1 pair of gloves (melded)
Magical Staves
 Q - an uncursed staff of energy
Jewellery
 l - a +3 ring of evasion (left branch)
 m - a +3 ring of protection
 q - an uncursed amulet of stasis
 t - an uncursed ring of stealth
 B - an amulet of clarity (around neck)
 C - an uncursed ring of magical power
 O - a +3 ring of dexterity
 P - a ring of protection from magic (right branch)
Wands
 n - a wand of magic darts (34)
 G - a wand of fire (4)
 M - a wand of magic darts (32)
 R - a wand of lightning (4)
 S - a wand of cold (6)
 T - a wand of cold (7)
 V - a wand of hasting (2)
Scrolls
 j - 8 scrolls of amnesia
 p - 2 scrolls of enchant weapon {unknown}
 s - 2 scrolls of random uselessness {unknown}
 u - 2 scrolls of recharging {unknown}
 w - 3 scrolls of teleportation
 x - 2 scrolls of magic mapping
 y - a scroll of remove curse
 I - a scroll of acquirement {unknown}
 K - 2 scrolls of blinking {unknown}
Potions
 a - a potion of agility
 e - 5 potions of might
 h - a potion of curing
 A - 2 potions of flight
 F - 2 potions of berserk rage {unknown}
 H - 2 potions of mutation
 L - 3 potions of magic
 N - a potion of ambrosia
Books
 b - a book of Flames

   Spells                             Type                      Level
   a - Flame Tongue                   Conjuration/Fire             1
   b - Throw Flame                    Conjuration/Fire             2
   c - Conjure Flame                  Conjuration/Fire             3
   d - Inner Flame                    Hexes/Fire                   3
   e - Sticky Flame                   Conjuration/Fire             4
   f - Fireball                       Conjuration/Fire             5
 k - a book of Geomancy

   Spells                             Type                      Level
   a - Sandblast                      Earth                        1
   b - Stoneskin                      Transmutation/Earth          2
   c - Passwall                       Transmutation/Earth          3
   d - Stone Arrow                    Conjuration/Earth            3
   e - Petrify                        Transmutation/Earth          4
   f - Lee's Rapid Deconstruction     Earth                        5
 J - a book of Unlife

   Spells                             Type                      Level
   a - Recall                         Summoning/Translocation      3
   b - Animate Dead                   Necromancy                   4
   c - Control Undead                 Necromancy                   4
   d - Cigotuvi's Embrace             Necromancy                   5
   e - Death Channel                  Necromancy                   6
   f - Simulacrum                     Ice/Necromancy               6
Comestibles
 c - 10 bread rations
 d - 4 slices of pizza
 f - 7 meat rations
 z - 2 fruits
 D - a royal jelly


   Skills:
 - Level 5.0 Fighting
 - Level 5.0 Maces & Flails
 - Level 5.0 Armour
 - Level 5.0 Dodging
 - Level 5.0 Stealth
 + Level 6.3 Spellcasting
 + Level 6.4 Conjurations
 - Level 3.0 Transmutations
 + Level 6.0 Fire Magic
 + Level 6.6 Earth Magic
 - Level 5.0 Evocations


You had 8 spell levels left.
You knew the following spells:

 Your Spells              Type           Power        Failure   Level  Hunger
a - Flame Tongue          Conj/Fire      ####.        1%          1    None
b - Stone Arrow           Conj/Erth      ####..       1%          3    ##.....
c - Conjure Flame         Conj/Fire      ####....     2%          3    ##.....
d - Stoneskin             Trmt/Erth      ###.....     2%          2    None
e - Fireball              Conj/Fire      ####......   28%         5    #####..


Dungeon Overview and Level Annotations

Branches:
Dungeon (10/15)            Temple (1/1) D:4
   Lair: D:8-11         Orc: D:9-12

Altars:
Ashenzari
Cheibriados
Dithmenos
Elyvilon
Fedhas
Gozag
Kikubaaqudgha
Makhleb
Nemelex Xobeh
Okawaru
Qazlal
Ru
Sif Muna
Trog
Vehumet
Xom
Yredelemnul
Zin
The Shining One

Shops:
D:5 (   D:7 !

Annotations:
D:5 exclusion: statue
D:10 Snorg


Innate Abilities, Weirdness & Mutations

You are resistant to torment.
((Your stone body is resilient (AC +7).))
You are immune to poison.
You resist negative energy.
((You are resistant to electric shocks.))
((You can survive without breathing.))
You are immune to petrification.
You are immune to rotting.
You have supernaturally acute eyesight.


Message History

Snorg is engulfed in roaring flames.
Snorg bites you!! Snorg claws you!
* * * LOW HITPOINT WARNING * * *
Snorg claws you!
* * * LOW HITPOINT WARNING * * *
Drink which item? (? for menu, Esc to quit)
Okay, then.
Read which item? (? for menu, Esc to quit)
You cannot teleport because you are held in place by your roots.
Drink which item? (? for menu, Esc to quit)
You feel better.
Snorg is engulfed in roaring flames.
Snorg bites you but does no damage. Snorg claws you!
* * * LOW HITPOINT WARNING * * *
Snorg claws you but does no damage.
Drink which item? (? for menu, Esc to quit)
You feel better.
Snorg is engulfed in roaring flames.
Snorg bites you!
* * * LOW HITPOINT WARNING * * *
Snorg claws you but does no damage. x2
Snorg is engulfed in roaring flames.
Snorg bites you but does no damage. Snorg claws you.
You die...

....T§.# #.# #.....
######## #.# #..... #.#
####.# #.# ###### #.#
#.# #....# #.# #.#
#.##.# #.# #.#
#.##.#######.#
#.#########.##.........#
#.....T♣..†.############
#############


You could see Snorg (berserk).

Vanquished Creatures
  Josephine (D:10)
  A cyclops (D:8)
  Joseph (D:8)
  A merfolk (D:9)
  5 wraiths (D:10)
  Eustachio (D:5)
  A hungry ghost (D:10)
  Menkaure (D:7)
  A soldier ant (D:10)
  2 orc warriors
  4 phantoms
  3 ogres
  2 black bears
  A necrophage (D:9)
  An ice beast (D:5)
  3 sky beasts
  9 centaurs
  The ghost of NihilVerum the Conjurer, an amateur DsWz (D:5)
  A crocodile (D:8)
  7 giant frogs
  13 killer bees
  2 scorpions
  22 wights
  A giant frog zombie (D:9)
  4 crimson imps
  8 hounds
  5 jellies
  6 orc priests
  3 centaur skeletons
  Crazy Yiuf (D:3)
  2 quasits
  Jessica (D:2)
  Terence (D:3)
  3 iguanas
  5 worker ants
  9 orc wizards
  A killer bee zombie (D:7)
  11 adders
  A gnoll (D:1)
  A shadow imp (D:8)
  An ooze (D:2)
  2 adder skeletons
  3 worms
  34 orcs
  3 ball pythons
  7 bats
  3 giant cockroaches
  9 hobgoblins
  7 jackals
  5 kobolds (D:1)
  3 quokkas
  4 giant geckos
  A giant gecko skeleton (D:5)
  6 giant newts
  13 goblins
  A quokka zombie (D:6)
  12 rats
261 creatures vanquished.

Notes
Turn   | Place    | Note
--------------------------------------------------------------
     0 | D:1      | Heliophagus the Gargoyle Fire Elementalist began the quest for the Orb.
     0 | D:1      | Reached XP level 1. HP: 10/10 MP: 3/3
   385 | D:1      | Reached XP level 2. HP: 15/15 MP: 1/5
   984 | D:1      | Reached XP level 3. HP: 19/19 MP: 2/6
  1427 | D:2      | Learned a level 3 spell: Stone Arrow
  1431 | D:2      | Learned a level 3 spell: Conjure Flame
  1591 | D:2      | Reached XP level 4. HP: 16/24 MP: 0/8
  1916 | D:2      | Noticed Jessica
  1927 | D:2      | Killed Jessica
  2214 | D:2      | Noticed an angel
  2219 | D:2      | Reached XP level 5. HP: 28/28 MP: 3/9
  2220 | D:2      | Found a glowing silver altar of Zin.
  2239 | D:2      | Found a shimmering altar of Xom.
  2657 | D:3      | Noticed Terence
  2663 | D:3      | Killed Terence
  2663 | D:3      | Reached skill level 4 in Fire Magic
  2663 | D:3      | Reached skill level 1 in Earth Magic
  2733 | D:3      | Gained mutation: Your spells are a little easier to cast, but a little less powerful. [potion of mutation]
  2733 | D:3      | Gained mutation: You are agile. (Dex +2) [potion of mutation]
  2733 | D:3      | Gained mutation: You tend to lose your temper in combat. [potion of mutation]
  2747 | D:3      | Noticed Crazy Yiuf
  2754 | D:3      | Killed Crazy Yiuf
  2899 | D:4      | Reached XP level 6. HP: 32/32 MP: 6/11
  3045 | D:4      | Noticed an ogre
  3060 | D:4      | Killed an ogre
  3405 | D:4      | Reached XP level 7. HP: 18/36 MP: 0/13
  3669 | D:4      | Found a deep blue altar of Sif Muna.
  3765 | D:4      | Found a staircase to the Ecumenical Temple.
  3808 | Temple   | Entered the Ecumenical Temple
  4005 | D:4      | Found a basalt altar of Yredelemnul.
  4181 | D:5      | Entered Level 5 of the Dungeon
  4213 | D:5      | Reached skill level 5 in Fire Magic
  4334 | D:5      | Learned a level 2 spell: Stoneskin
  4351 | D:5      | Found Fuomnaho's Weapon Shoppe.
  4353 | D:5      | Noticed Eustachio
  4358 | D:5      | Noticed NihilVerum's ghost (amateur DsWz)
  4501 | D:5      | Killed NihilVerum's ghost
  4661 | D:5      | Reached skill level 5 in Conjurations
  4668 | D:5      | Learned a level 5 spell: Fireball
  4712 | D:5      | Reached XP level 8. HP: 41/41 MP: 5/15
  4750 | D:5      | Got a scorched war axe
  4760 | D:5      | Identified the cursed +1 war axe of the Whale {flame, rF+ rC+ Int-4 Dex+3} (You found it on level 5 of the Dungeon)
  4871 | D:5      | Reached skill level 5 in Spellcasting
  4871 | D:5      | Reached skill level 1 in Transmutations
  4871 | D:5      | Reached skill level 5 in Earth Magic
  4894 | D:5      | Lost mutation: You tend to lose your temper in combat. [potion of cure mutation]
  4894 | D:5      | Lost mutation: Your spells are a little easier to cast, but a little less powerful. [potion of cure mutation]
  4894 | D:5      | Lost mutation: You are agile. (Dex +2) [potion of cure mutation]
  5264 | D:5      | Found a radiant altar of Vehumet.
  5307 | D:5      | Killed Eustachio
  5619 | D:6      | Found a sacrificial altar of Ru.
  5619 | D:6      | Found a shattered altar of Ashenzari.
  5623 | D:6      | Reached skill level 1 in Fighting
  5623 | D:6      | Reached skill level 1 in Maces & Flails
  5792 | D:6      | Found an iron altar of Okawaru.
  5825 | D:6      | Reached XP level 9. HP: 51/51 MP: 8/16
  5879 | D:6      | Found a blossoming altar of Fedhas.
  6373 | D:6      | Reached skill level 5 in Fighting
  6490 | D:6      | Reached skill level 5 in Maces & Flails
  6518 | D:6      | Reached skill level 1 in Armour
  6613 | D:6      | Found a glowing golden altar of the Shining One.
  6779 | D:6      | Found an opulent altar of Gozag.
  7237 | D:7      | Found Zoaz's Distillery.
  7879 | D:7      | Noticed Menkaure
  7892 | D:7      | Killed Menkaure
  8029 | D:7      | Found a snail-covered altar of Cheibriados.
  8175 | D:7      | Bought a potion of beneficial mutation for 420 gold pieces
  8175 | D:7      | Gained mutation: You have supernaturally acute eyesight. [potion of beneficial mutation]
  8198 | D:8      | Reached XP level 10. HP: 56/59 MP: 9/17
  8217 | D:8      | Reached skill level 5 in Armour
  8582 | D:8      | Reached skill level 5 in Dodging
  8930 | D:8      | Reached skill level 1 in Evocations
  9111 | D:8      | Noticed a cyclops
  9117 | D:8      | HP: 2/59 [cyclops/large rock (32)]
  9843 | D:8      | Noticed Joseph
  9871 | D:8      | Killed Joseph
 10056 | D:8      | Killed a cyclops
 10513 | D:9      | Reached skill level 5 in Stealth
 10780 | D:9      | Got a pitted dagger
 10782 | D:9      | Identified the +6 dagger "Zazxoruv" {flame, rF- Int+4 Dex+5} (You found it on level 9 of the Dungeon)
 11164 | D:9      | Reached skill level 5 in Evocations
 11424 | D:10     | Entered Level 10 of the Dungeon
 11657 | D:10     | Reached XP level 11. HP: 55/63 MP: 19/19
 12249 | D:10     | Noticed Josephine
 12262 | D:10     | Reached skill level 6 in Earth Magic
 12355 | D:10     | Got a crystal battleaxe
 12367 | D:10     | Killed Josephine
 12686 | D:10     | Noticed Snorg
 12714 | D:10     | HP: 4/94 [Snorg (11)]
 12715 | D:10     | HP: 1/94 [Snorg (10)]
 12715 | D:10     | Slain by Snorg

Action                   |  1- 3 |  4- 6 |  7- 9 | 10-12 || total
-------------------------+-------+-------+-------+-------++-------
Melee: Unarmed           |     3 |       |       |       ||     3
       Club              |    23 |     3 |       |       ||    26
       Mace              |       |    15 |   179 |   418 ||   612
 Cast: Flame Tongue      |    62 |    81 |   253 |   235 ||   631
       Stone Arrow       |       |     4 |    12 |    11 ||    27
       Conjure Flame     |       |       |     6 |    12 ||    18
  Use: Potion            |     3 |     3 |     5 |     5 ||    16
       Scroll            |     2 |     5 |     5 |     3 ||    15
 Stab: Sleeping          |       |     1 |     1 |     3 ||     5
       Distracted        |       |       |       |     1 ||     1
  Eat: Chunk             |     3 |     5 |    16 |    16 ||    40
       Fruit             |       |       |     1 |       ||     1
